 Dungeon Crawl Stone Soup version 0.27-a0-1185-ga233589e6f (webtiles) character file.

Game seed: 7080112463543490206

13570 Morbidden the Covert (level 11, -1/84 HPs)
             Began as a Demonspawn Brigand on May 19, 2021.
             Was a Priest of Dithmenos.
             Slain by Frances
             ... wielding a +4 trident of flaming
              (7 damage)
             ... on level 13 of the Dungeon.
             The game lasted 00:20:35 (12129 turns).

Morbidden the Covert (Demonspawn Brigand)          Turns: 12129, Time: 00:20:35

Health: -1/84      AC: 16    Str: 13    XL:     11   Next: 77%
Magic:  16/16      EV: 14    Int: 22    God:    Dithmenos [***...]
Gold:   721        SH:  5    Dex: 15    Spells: 14/17 levels left

rFire    . . .     SeeInvis +   a - +3 dagger (venom)
rCold    + + .     Faith    .   J - +0 buckler
rNeg     . . .     Spirit   .   G - +3 ring mail {rC+}
rPois    .         Reflect  .   (helmet restricted)
rElec    .         Harm     .   c - +0 cloak
rCorr    .         Rampage  .   N - +2 pair of gloves
Will     .....                  (no boots)
Stlth    +++++.....             w - amulet of regeneration
HPRegen  1.24/turn              I - ring of see invisible
MPRegen  0.15/turn              E - +6 ring of intelligence

@: wreathed by umbra, studying Translocations
A: horns 2, molten scales 2, powered by death 1, demonic magic 2, corrupting
presence 1, talons 1, cold resistance 1, strong 1
a: Renounce Religion, Shadow Step


You were on level 13 of the Dungeon.
You worshipped Dithmenos.
Dithmenos was most pleased with you.
You visited 1 branch of the dungeon, and saw 12 of its levels.
You also visited: Ossuary.

You collected 721 gold pieces.

Inventory:

Hand Weapons
 a - a +3 dagger of venom (weapon)
 b - a +0 hunting sling
 R - a +2 dagger of freezing
 W - a +1 scimitar of flaming
Missiles
 d - 83 poisoned darts
 e - a curare-tipped dart
 h - 121 bolts
 k - 9 javelins
 m - 11 boomerangs (quivered)
 B - 4 boomerangs of dispersal
 C - 106 sling bullets
 M - 4 throwing nets
Armour
 c - a +0 cloak (worn)
 G - a +3 ring mail of cold resistance (worn)
 J - a +0 buckler (worn)
 N - a +2 pair of gloves (worn)
 S - +0 acid dragon scales
 Y - +0 swamp dragon scales
Magical Staves
 l - a staff of air
Jewellery
 w - an amulet of regeneration (around neck)
 z - a ring of willpower
 E - a +6 ring of intelligence (right hand)
 I - a ring of see invisible (left hand)
Wands
 v - a wand of polymorph (24)
 D - a wand of mindburst (17)
 U - a wand of iceblast (17)
 X - a wand of acid (8)
Scrolls
 f - a scroll of enchant armour
 i - 9 scrolls of teleportation
 n - a scroll of fear
 r - 5 scrolls of magic mapping
 s - 3 scrolls of amnesia {unknown}
 t - 11 scrolls of identify
 u - 3 scrolls of noise
 x - 4 scrolls of enchant weapon
 y - a scroll of fog
 F - a scroll of silence {unknown}
 T - a scroll of summoning {unknown}
 Z - a scroll of blinking
Potions
 g - 2 potions of invisibility {unknown}
 j - 3 potions of attraction {unknown}
 o - 3 potions of curing
 p - 5 potions of haste {unknown}
 q - 2 potions of mutation
 A - a potion of degeneration {unknown}
 H - 3 potions of lignification {unknown}
 K - 2 potions of flight {unknown}
 L - 3 potions of might {unknown}
 O - a potion of magic {unknown}
 Q - a potion of heal wounds
 V - a potion of brilliance {unknown}
Miscellaneous
 P - a box of beasts (inert)


   Skills:
 * Level 7.6 Fighting
 + Level 6.6(7.1) Short Blades
 * Level 3.7(5.7) Long Blades
 + Level 1.1(2.7) Slings
 + Level 3.8(4.0) Throwing
 + Level 5.3 Armour
 * Level 8.2 Dodging
 * Level 8.8 Stealth
 + Level 3.0 Shields
 * Level 3.8 Spellcasting
 * Level 1.7 Necromancy
 * Level 4.9 Invocations
 + Level 0.4 Evocations


You had 14 spell levels left.
You knew the following spells:

 Your Spells              Type           Power      Damage    Failure   Level
a - Vampiric Draining     Necr           5%         2d6       36%         3

Your spell library contained the following spells:

 Spells                   Type           Power      Damage    Failure   Level
 Animate Skeleton         Necr           22%        N/A       13%         1
 Pain                     Necr           44%        1d6       13%         1
 Beastly Appendage        Tmut           8%         N/A       26%         1
 Freeze                   Ice            16%        1d4       26%         1
 Wereblood                Tmut           4%         N/A       36%         2
 Frozen Ramparts          Ice            8%         1d2       61%         3
 Ozocubu's Armour         Ice            4%         N/A       61%         3
 Spider Form              Tmut/Pois      2%         N/A       61%         3
 Animate Dead             Necr           5%         N/A       77%         4
 Cause Fear               Hex            2%         N/A       95%         4
 Hailstorm                Conj/Ice       4%         3d4       95%         4
 Ice Form                 Ice/Tmut       4%         N/A       95%         4
 Agony                    Necr           11%        N/A       98%         5
 Hydra Form               Tmut           2%         N/A       100%        5
 Metabolic Englaciation   Hex/Ice        2%         N/A       100%        5
 Silence                  Hex/Air        2%         N/A       100%        5
 Yara's Violent Unravell  Hex/Tmut       2%         3d3       100%        5
 Discord                  Hex            2%         N/A       100%        8


Dungeon Overview and Level Annotations

Branches:
Dungeon (11/15)            Temple (0/1) D:4         Ossuary (visited)
   Lair: D:8-11         Orc: D:9-12

Altars:
Cheibriados
Dithmenos
Qazlal
Uskayaw
Xom
The Shining One

Shops:
D:4 :

Annotations:
D:5 2 runed translucent doors, losten's ghost, amateur DsGl
D:13 Frances; Kirke


Innate Abilities, Weirdness & Mutations

You have a pair of horns on your head.
You are mostly covered in molten scales. (AC +3)
You regenerate a little health from kills.
Spells you cast may paralyse nearby enemies.
Your presence sometimes corrodes those you injure.
You have sharp toenails.
Your flesh is cold resistant. (rC+)
Your muscles are strong. (Str +2)


Message History

Unknown command.
Unknown command.
You feel much better.
Frances hits you with a +4 trident of flaming!
Frances burns you. You block Frances's attack.
You hit Frances.
Frances looks as sick as possible!
Your kick misses Frances.
Frances is moderately wounded.
Frances hits you but does no damage.
Unknown command.
You hit Frances.
Frances is moderately wounded.
Frances barely misses you.
Unknown command.
Unknown command.
Aiming: Corrosive Bolt
Press: ? - help, Shift-Dir - straight line, f - Frances
Aim: Frances, wielding a +4 trident of flaming and wearing a +0 scale mail (heavily wounded, fast, extremely poisoned, covered in acid, umbra, 75% to hit)
The bolt of acid hits Frances!
Frances is splashed with acid.
Frances seems to be corroded for longer.
Frances is heavily wounded.
Frances barely misses you.
Unknown command.
Unknown command.
Aiming: Corrosive Bolt
Press: ? - help, Shift-Dir - straight line, f/p - Frances
Aim: Frances, wielding a +4 trident of flaming and wearing a +0 scale mail (heavily wounded, fast, extremely poisoned, covered in acid, umbra, 75% to hit)
Okay, then.
You open the lid... ...and a larval fireox beast leaps out!
The box is emptied!
Frances hits you with a +4 trident of flaming!!
* * * LOW HITPOINT WARNING * * *
Frances burns you!
* * * LOW HITPOINT WARNING * * *
You block Frances's attack.
Unknown command.
Unknown command.
You feel much better.
Frances hits you with a +4 trident of flaming!
* * * LOW HITPOINT WARNING * * *
Frances burns you!
You die...

#############
............#
#.>.......#
#......#..#
#......#..#
#......#..#
#......#..#
#...H@.#..#
#...@..#..#
#........##
#........#
#......8.+
##.......#
##......#
##...#..


You could see Frances (fast, extremely poisoned, corroded, ally target) and a
friendly larval fireox beast (summoned).

Vanquished Creatures
  Erolcha (D:10)
  Harold (D:7)
  3 hydras
  Erica (D:9)
  A centaur warrior (D:13)
  A two-headed ogre (D:9)
  Joseph (D:7)
  Maggie (D:10)
  An unseen horror (D:10)
  A hornet (D:7)
  2 slime creatures (D:6)
  Sigmund (D:2)
  3 wyverns
  A shadow (D:10)
  A wraith (D:13)
  6 yaks (D:8)
  A steam dragon (D:8)
  An acid dragon (D:9)
  Duvessa (D:7)
  2 sky beasts
  2 orc warriors (D:10)
  An ice beast (D:6)
  A black bear (D:7)
  An ogre (D:5)
  7 centaurs
  3 kobold brigands
  A phantom (D:4)
  5 elf zombies (Ossuary)
  2 bullfrogs (D:8)
  Dowan (D:7)
  6 killer bees (D:9)
  10 wights
  A howler monkey (D:10)
  A bullfrog zombie (D:5)
  7 jellies (D:6)
  7 centaur zombies
  4 human zombies (Ossuary)
  Crazy Yiuf (D:3)
  3 hounds
  6 orc priests
  A bullfrog skeleton (D:6)
  2 centaur skeletons
  Jessica (D:3)
  2 iguanas
  5 orc wizards
  3 mummies (Ossuary)
  4 adders
  A gnoll (D:1)
  A shadow imp (D:5)
  An ufetubus (D:6)
  An adder zombie (D:5)
  2 worms (D:2)
  A dart slug (D:4)
  21 orcs
  7 ball pythons
  6 bats
  5 endoplasms
  4 giant cockroaches
  9 goblins
  9 hobgoblins
  5 jackals
  12 kobolds
  6 quokkas
  4 frilled lizards
  7 rats
221 creatures vanquished.

Vanquished Creatures (others)
  An orc wizard (D:5)
  8 fungi
  21 plants (D:3)
  7 toadstools (D:6)
37 creatures vanquished.

Grand Total: 258 creatures vanquished

Notes
Turn   | Place    | Note
-------+----------+-------------------------------------------
     0 | D:1      | Morbidden the Demonspawn Brigand began the quest for the
                  | Orb.
     0 | D:1      | Reached XP level 1. HP: 16/16 MP: 1/1
   254 | D:1      | Gained mutation: Spells you cast may paralyse adjacent
                  | enemies. [demonic ancestry]
   254 | D:1      | Reached XP level 2. HP: 13/22 MP: 2/2
  1090 | D:1      | Found a faded altar of an unknown god.
  1438 | D:1      | Reached skill level 1 in Dodging
  1464 | D:1      | Gained mutation: You have a pair of small horns on your
                  | head. [demonic ancestry]
  1464 | D:1      | Reached XP level 3. HP: 28/28 MP: 3/3
  2230 | D:2      | Noticed Sigmund
  2251 | D:2      | Killed Sigmund
  2252 | D:2      | Gained mutation: Spells you cast may paralyse nearby
                  | enemies. [demonic ancestry]
  2252 | D:2      | Reached XP level 4. HP: 35/35 MP: 4/4
  2252 | D:2      | Gained mutation: You regenerate a little health from kills.
                  | [demonic ancestry]
  2252 | D:2      | Reached XP level 5. HP: 41/41 MP: 5/5
  3046 | D:3      | Noticed Jessica
  3051 | D:3      | Killed Jessica
  3052 | D:3      | Gained mutation: You are partially covered in molten
                  | scales. (AC +2) [demonic ancestry]
  3052 | D:3      | Reached XP level 6. HP: 42/47 MP: 6/6
  3752 | D:3      | Found a runed translucent door.
  3753 | D:3      | Noticed Crazy Yiuf
  3764 | D:3      | Killed Crazy Yiuf
  3953 | D:4      | Reached skill level 5 in Stealth
  4149 | D:4      | Gained mutation: You have a pair of horns on your head.
                  | [demonic ancestry]
  4149 | D:4      | Reached XP level 7. HP: 53/53 MP: 7/7
  4184 | D:4      | Found a shadowy altar of Dithmenos.
  4207 | D:4      | Became a worshipper of Dithmenos the Shadowed
  4354 | D:4      | Found a staircase to the Ecumenical Temple.
  4400 | D:4      | Found Loell's Book Shop.
  4460 | D:5      | Entered Level 5 of the Dungeon
  4463 | D:5      | Found a large runed translucent door.
  4948 | D:5      | Found a shimmering altar of Xom.
  4949 | D:5      | Found a hide-covered altar of Uskayaw.
  5127 | D:5      | Found a snail-covered altar of Cheibriados.
  5212 | D:5      | Found a large runed translucent door.
  5214 | D:5      | Noticed losten's ghost (amateur DsGl)
  5229 | D:5      | Found a stormy altar of Qazlal.
  5521 | D:6      | Reached XP level 8. HP: 40/60 MP: 8/8
  5802 | D:6      | Noticed a four-headed hydra
  6175 | D:6      | Reached skill level 1 in Armour
  6929 | D:6      | Reached * piety under Dithmenos
  7043 | D:6      | Noticed a slime creature
  7043 | D:6      | Noticed a slime creature
  7049 | D:6      | Killed a slime creature
  7120 | D:6      | Killed a slime creature
  7121 | D:6      | Reached skill level 5 in Fighting
  7121 | D:6      | Reached skill level 5 in Dodging
  7123 | D:6      | Reached skill level 1 in Shields
  7344 | D:6      | Reached XP level 9. HP: 21/68 MP: 9/9
  7470 | D:7      | Reached skill level 5 in Short Blades
  7551 | D:7      | Noticed Joseph
  7575 | D:7      | Gained mutation: Your flesh is cold resistant. (rC+)
                  | [potion of mutation]
  7575 | D:7      | Gained mutation: Your muscles are strong. (Str +2) [potion
                  | of mutation]
  7575 | D:7      | Gained mutation: You have sharp toenails. [potion of
                  | mutation]
  7577 | D:7      | Killed Joseph
  8019 | D:7      | Noticed Harold
  8051 | D:7      | Noticed Dowan
  8052 | D:7      | Noticed Duvessa
  8088 | D:7      | Killed Dowan
  8094 | D:7      | Killed Duvessa
  8176 | D:7      | Killed Harold
  8613 | D:8      | Gained mutation: You are mostly covered in molten scales.
                  | (AC +3) [demonic ancestry]
  8613 | D:8      | Reached XP level 10. HP: 76/76 MP: 10/10
  8631 | D:8      | Reached skill level 1 in Spellcasting
  8644 | D:8      | Reached ** piety under Dithmenos
  8649 | D:8      | Reached skill level 1 in Invocations
  8780 | D:8      | Found a sand-covered staircase.
  8788 | Ossuary  | Entered an ossuary
  8945 | Ossuary  | Reached skill level 1 in Long Blades
  9986 | D:9      | Reached *** piety under Dithmenos
 10035 | D:9      | Found a shadowy altar of Dithmenos.
 10098 | D:9      | Noticed Erica
 10108 | D:9      | Noticed a two-headed ogre
 10115 | D:9      | Killed Erica
 10288 | D:9      | Identified the +2 robe of Optimism {Fly rElec Str+2 Stlth-}
 10469 | D:9      | Killed a two-headed ogre
 10470 | D:9      | Reached skill level 1 in Slings
 10470 | D:9      | Gained mutation: Your presence sometimes corrodes those you
                  | injure. [demonic ancestry]
 10470 | D:9      | Reached XP level 11. HP: 74/83 MP: 13/15
 10658 | D:10     | Entered Level 10 of the Dungeon
 10818 | D:10     | Noticed a four-headed hydra
 10819 | D:10     | Noticed a six-headed hydra
 10900 | D:10     | Killed a two-headed hydra
 11042 | D:10     | Noticed Erolcha
 11052 | D:10     | Killed Erolcha
 11269 | D:10     | Noticed Maggie
 11289 | D:10     | Killed Maggie
 11311 | D:10     | Learned a level 3 spell: Vampiric Draining
 11597 | D:10     | Killed a one-headed hydra
 11598 | D:10     | Reached skill level 5 in Armour
 11734 | D:11     | Reached skill level 1 in Necromancy
 11738 | D:11     | You fall into a shaft and drop 2 floors!
 11743 | D:13     | Noticed a centaur warrior
 11758 | D:13     | Killed a centaur warrior
 11850 | D:13     | Noticed a seven-headed hydra
 11870 | D:13     | Killed a one-headed hydra
 11969 | D:13     | Noticed Kirke
 11976 | D:13     | Noticed a sphinx
 12108 | D:13     | Noticed Frances
 12128 | D:13     | HP: 4/84 [Frances/+4 trident of flaming (8)]
 12129 | D:13     | Slain by Frances

Illustrated notes

Levels and vault maps discovered:
D:1:      onia_arrival_mini_spirals, layout_loops_corners,
          basic_ecumenical_altar
D:2:      layout_loops_cross, chequers_serial_rivers_marsh, uniq_sigmund
D:3:      layout_basic, serial_bayou, serial_bayou_lagoon_a,
          serial_bayou_pond_b, serial_bayou_pond_a, serial_bayou_ford_a,
          serial_bayou_pond_b, serial_bayou_lake_a, dk_noncrumbling_2,
          minmay_bisected, uniq_jessica, uniq_crazy_yiuf_cottage
D:4:      layout_gridville, grunt_dithmenos_smoke, temple_hall_moat,
          serial_shops, nicolae_shop_behind_doors
D:5:      layout_loops_ring, chequers_temple_overflow_statue_of_worship,
          ebering_ghost_disaster_area, minmay_misc_feat_four_crosses
D:6:      cheibrodos_fertilizer, layout_layer_cave, minivault_1,
          minmay_manual_mandibuliform
D:7:      layout_gridville, uniq_joseph, uniq_harold, uniq_duvessa
D:8:      layout_cave_pods, tso_metal_star, chequers_ossuary_entry_cave
D:9:      layout_rooms, kennysheep_flooded_box, minmay_door_square, uniq_erica
D:10:     layout_basic, uniq_erolcha, uniq_maggie
D:11:     layout_basic, minmay_lair_entry_grove, erik_orc_1
D:13:     layout_long_grid, nicolae_trove_entry_diagonal,
          david_defended_altar_orc, uniq_kirke, uniq_frances

Skill      XL: |  1  2  3  4  5  6  7  8  9 10 11 |
---------------+----------------------------------+-----
Throwing       | 2 3 |  3.8
Stealth        | 4 5 6 7 8 |  8.8
Dodging        | 1 2 3 4 5 6 7 8 |  8.2
Short Blades   | 2 3 4 5 6 |  6.6
Fighting       | 3 4 5 6 7 |  7.6
Armour         | 2 4 5 |  5.3
Shields        | 1 2 3 |  3.0
Spellcasting   | 2 3 |  3.8
Invocations    | 3 4 |  4.9
Long Blades    | 2 3 |  3.7
Slings         | 1 |  1.1
Necromancy     | 1 |  1.7
Evocations     | |  0.4

Action                   |  1- 3 |  4- 6 |  7- 9 | 10-12 || total
-------------------------+-------+-------+-------+-------++-------
Melee: Dagger            |   133 |   107 |   327 |   597 ||  1164
       Headbutt          |     6 |    15 |    78 |   133 ||   232
       Kick              |       |       |    12 |   227 ||   239
       Scimitar          |       |       |       |    25 ||    25
 Fire: Hunting sling     |       |       |    11 |     7 ||    18
Throw: Boomerang         |    11 |       |    20 |    20 ||    51
       Dart              |     4 |       |    15 |       ||    19
       Javelin           |       |       |     5 |       ||     5
Evoke: Wand              |       |       |     2 |     3 ||     5
       Box of beasts     |       |       |       |     1 ||     1
  Use: Scroll            |       |       |     4 |     8 ||    12
       Potion            |       |       |     1 |     3 ||     4
 Stab: Sleeping          |     6 |     8 |     8 |     7 ||    29
       Distracted        |       |       |       |     1 ||     1
Armor: Robe              |    36 |    29 |     8 |       ||    73
       Ring mail         |       |       |   105 |   266 ||   371
Dodge: Dodged            |    53 |    70 |   192 |   368 ||   683
Block: Buckler           |       |       |    33 |   133 ||   166
       Rpst.: Scimitar   |       |       |       |     1 ||     1

Table legend: (Time is in decaauts)
 A = Elapsed time spent in this place.
 B = Non-inter-level travel time spent in this place.
 C = Inter-level travel time spent in this place.
 D = Time resting spent in this place.
 E = Time spent auto-exploring this place.
 F = Levels seen in this place.
 G = Mean time per level.
                   A        B        C        D        E       F      G
               +--------+--------+--------+--------+--------+-----+--------+
         Total |  11973 |  11529 |    444 |   1056 |   7789 |  13 |  921.0 |
       Dungeon |  11724 |  11280 |    444 |   1056 |   7728 |  12 |  977.0 |
       Ossuary |    249 |    249 |      0 |      0 |     61 |   1 |  249.0 |
               +--------+--------+--------+--------+--------+-----+--------+

Top non-repeatable levels by time:
     D:1: 1610 daAuts
     D:6: 1574 daAuts
     D:3: 1467 daAuts
     D:5: 1382 daAuts
     D:7: 1066 daAuts
     D:8: 1058 daAuts
    D:10: 947 daAuts
     D:2: 905 daAuts
     D:9: 712 daAuts
     D:4: 527 daAuts
    D:13: 379 daAuts
 Ossuary: 249 daAuts
    D:11: 93 daAuts
